AoeStats
← Chaves

Nomad

509869183Analyzed
4v4 RM · 6d ago on Sep 28, 2026· 30m 46s· 8 players
Game mode
Random Map
Map size
231×231
Population
200
Speed
Normal
Resources
Standard
Victory
Conquest
Starting age
Dark Age
Ending age
Imperial Age
RankedLock teamsTeams togetherTeam positionsShared explorationLock speedFull tech treeHidden civsTurbo modeCheats
Victory
Defeat
🇨🇳 Dravidians · China
1195
+14
🇩🇪 Burmese · Germany
1167
+16
🇩🇪 Khmer · Germany
1166
+16
🇧🇷 Spanish · Brazil
1144
+16
🇨🇳 Byzantines · China
1197
-17
🇨🇳 Franks · China
1177
-16
🇨🇳 Slavs · China
1133
-15
1130
-14
青青草原懒大王
6:19 Loom
15:47 Feudal Age
24:27 Double-Bit Axe
25:04 Horse Collar
27:45 Fletching
29:30 Padded Archer Armor
不知天上水
14:21 Feudal Age
19:04 Castle Age
18:43 Double-Bit Axe
18:40 Horse Collar
21:50 Bow Saw
21:42 Heavy Plow
25:48 Pikeman
26:50 Scale Mail Armor
27:01 Forging
27:16 Squires
28:09 Chain Mail Armor
28:07 Forging
28:13 Gambesons
SAKI
4:50 Loom
13:08 Feudal Age
18:24 Castle Age
16:11 Fishing Lines
16:33 Man-at-Arms
17:30 Horse Collar
18:35 Forging
18:37 Double-Bit Axe
19:18 Long Swordsman
20:00 Scale Mail Armor
21:27 Iron Casting
21:44 Squires
cihuncihome
6:57 Loom
16:51 Feudal Age
18:13 Double-Bit Axe
21:20 Castle Age
20:15 Fishing Lines
Chaves
5:38 Loom
20:34 Feudal Age
21:00 Fishing Lines
21:19 Town Watch
22:04 Double-Bit Axe
25:38 Castle Age
23:58 Scale Barding Armor
24:12 Stone Mining
25:10 Fletching
26:04 Padded Archer Armor
26:01 Pikeman
27:33 Squires
27:19 Arson
29:53 Chain Barding Armor
30:11 Wheelbarrow
Keelee
5:47 Loom
13:45 Feudal Age
14:33 Double-Bit Axe
19:11 Castle Age
17:16 Double-Bit Axe
18:32 Horse Collar
21:48 Gold Mining
23:43 Gold Shaft Mining
23:48 Wheelbarrow
25:44 Bow Saw
27:34 Ballistics
27:32 Husbandry
27:42 Bloodlines
29:00 Hand Cart
29:24 Heavy Plow
30:01 Gold Shaft Mining
30:21 Stone Mining
Godspeed
5:28 Loom
13:10 Feudal Age
19:05 Castle Age
17:34 Horse Collar
18:07 Scale Barding Armor
18:56 Forging
18:55 Gold Mining
24:03 Heavy Plow
30:03 Gold Shaft Mining
29:18 Stone Mining
30:09 Wheelbarrow
29:19 Town Watch
30:37 Husbandry
30:47 Bloodlines
勇敢牛牛
12:24 Loom
15:16 Feudal Age
20:06 Castle Age
24:42 Imperial Age
22:52 Double-Bit Axe
23:01 Gold Mining
23:15 Scale Mail Armor
23:25 Forging
26:45 Chain Mail Armor
27:06 Iron Casting
26:30 Elite Urumi Swordsman
28:14 Plate Mail Armor
27:43 Fishing Lines
Connection lost

Rejoining the realm…

Still unreachable

The connection could not be restored.

Session expired

The server has moved on; the page needs a fresh start.